AoeStats
← CalZing

Glade

510398633Analyzed
1v1 RM · 20h ago on Sep 30, 2026· 27m 8s· 2 players
Game mode
Random Map
Map size
Tiny (2 player)
Population
200
Speed
Normal
Resources
Standard
Victory
Conquest
Starting age
Dark Age
Ending age
Imperial Age
RankedLock teamsTeams togetherTeam positionsShared explorationLock speedFull tech treeHidden civsTurbo modeCheats
Victory
Defeat
🇸🇪 Teutons · Sweden
1190
+17
🇦🇷 Magyars · Argentina
1217
-17
CalZing
6:46 Loom
9:58 Feudal Age
12:08 Fletching
23:19 Castle Age
21:39 Horse Collar
21:45 Double-Bit Axe
25:21 Bodkin Arrow
XEVER | Gaucho
10:44 Feudal Age
8:59 Loom
15:58 Castle Age
15:43 Fletching
21:59 Double-Bit Axe
Connection lost

Rejoining the realm…

Still unreachable

The connection could not be restored.

Session expired

The server has moved on; the page needs a fresh start.